 Dungeon Crawl Stone Soup version 0.20.0-15-g7f486f2 (webtiles) character file.

5048 Inarius the Geomancer (level 10, -13/56 HPs)
             Began as a Gargoyle Earth Elementalist on June 23, 2017.
             Was an Initiate of Hepliaklqana.
             Mangled by Joseph
             ... wielding a +0 quarterstaff
              (18 damage)
             ... on level 8 of the Dungeon.
             The game lasted 00:29:14 (9346 turns).

Inarius the Geomancer (Gargoyle Earth Elementalist) Turns: 9346, Time: 00:29:14

Health: -13/56     AC: 16    Str: 11    XL:     10   Next: 55%
Magic:  17/20      EV: 13    Int: 20    God:    Hepliaklqana [......]
Gold:   390        SH:  0    Dex: 10    Spells: 7/22 levels left

rFire    + . .     SeeInvis +   q - +3 quarterstaff (chaos)
rCold    . . .     Gourm    .   (shield currently unavailable)
rNeg     + . .     Faith    .   p - +2 robe {MR+}
rPois    ∞         Spirit   .   D - +0 helmet
rElec    +         Reflect  .   r - +1 cloak
rCorr    .         Harm     .   (no gloves)
MR       +....                  w - +0 pair of boots
Stlth    +++.......             (no amulet)
Regen    0.2/turn               c - ring of flight
MPRegen  0.2/turn               E - ring of stealth

@: no status effects
A: reduced essence, see invisible, fire resistance 1, negative energy resistance
1, electricity resistance, unbreathing, petrification resistance, rot immunity,
sturdy frame 1, AC +7
a: Recall Ancestor, Ancestor Identity, Renounce Religion, Evoke Flight


You were on level 8 of the Dungeon.
You worshipped Hepliaklqana.
Hepliaklqana was noncommittal.
You were not hungry.

You visited 2 branches of the dungeon, and saw 9 of its levels.
You also visited: Sewer and Ossuary.

You collected 390 gold pieces.

Inventory:

Hand Weapons
 q - a +3 quarterstaff of chaos (weapon)
 G - a +1 long sword of electrocution
Missiles
 b - 79 stones (quivered)
Armour
 a - a +0 ring mail
 p - a +2 robe of magic resistance (worn)
 r - a +1 cloak (worn)
 w - a +0 pair of boots (worn)
 x - a +0 chain mail
 D - a +0 helmet (worn)
 K - a +0 plate armour
Jewellery
 c - a ring of flight (left hand)
 E - a ring of stealth (right hand)
Wands
 B - a wand of flame (25/48)
 H - a wand of confusion (29/48)
Scrolls
 k - 4 scrolls of recharging
 l - 2 scrolls of enchant armour
 m - a scroll of fear {unknown}
 s - 8 scrolls of remove curse
 y - a scroll of amnesia {unknown}
 z - 2 scrolls of teleportation
 I - a scroll of immolation {unknown}
 J - a scroll of torment {unknown}
Potions
 e - a potion of flight
 f - 4 potions of heal wounds
 h - a potion of might
 i - a potion of resistance
 j - a potion of lignification
 n - 2 potions of brilliance
 o - a potion of ambrosia
 t - 2 potions of magic
 C - a potion of curing
 F - a potion of invisibility
Books
 A - a book of Misfortune

   Spells                             Type                      Level
   a - Confusing Touch                Hexes                        1
   b - Confuse                        Hexes                        3
   c - Gell's Gravitas                Translocation                3
   d - Petrify                        Transmutation/Earth          4
   e - Metabolic Englaciation         Hexes/Ice                    5
   f - Yara's Violent Unravelling     Hexes/Transmutation          5
Comestibles
 d - 7 bread rations
 g - 6 meat rations
 u - 5 fruits


   Skills:
 * Level 7.2 Fighting
   Level 0.6 Maces & Flails
 * Level 4.4 Armour
 - Level 3.5 Dodging
 - Level 2.1 Stealth
 + Level 6.6 Spellcasting
 * Level 7.4 Conjurations
 * Level 3.6 Transmutations
 + Level 8.2 Earth Magic


You had 7 spell levels left.
You knew the following spells:

 Your Spells              Type           Power        Failure   Level  Hunger
a - Sandblast             Erth           #####.       1%          1    None
b - Stone Arrow           Conj/Erth      #####.       1%          3    #......
c - Petrify               Tmut/Erth      ####....     9%          4    ###....
d - Lee's Rapid Deconstr  Erth           #####.....   9%          5    #####..
e - Passwall              Tmut/Erth      ####......   1%          2    None


Dungeon Overview and Level Annotations

Branches:
Dungeon (8/15)             Temple (1/1) D:7
   Lair: D:8-11

Altars:
Cheibriados
Dithmenos
Fedhas
Gozag
Hepliaklqana
Kikubaaqudgha
Ru
Sif Muna
Trog
Uskayaw
Vehumet
Xom
Zin
The Shining One

Annotations:
D:8 Joseph


Innate Abilities, Weirdness & Mutations

You are resistant to torment.
Your stone body is resilient. (AC +7)
You are immune to poison.
You resist negative energy. (rN+)
You are resistant to electric shocks. (rElec)
You can survive without breathing.
You are immune to petrification.
You are immune to rotting.
Your life essence is reduced. (-10% HP)
You have supernaturally acute eyesight. (SInv)
Your flesh is heat resistant. (rF+)
Your movements are slightly less encumbered by armour. (ER -2)


Message History

Joseph is severely wounded.
Joseph hits you but does no damage.
Joseph hits you with an uncursed quarterstaff.
* * * LOW HITPOINT WARNING * * *
You swap places.
Joseph hits Onaxy with an uncursed quarterstaff!!
Onaxy barely misses Joseph.
There is a stone staircase leading up here.
You see here 2 sling bullets.
Joseph hits Onaxy with an uncursed quarterstaff!
Onaxy is destroyed!
Casting: Stone Arrow
Confirm with . or Enter, or press ? or * to list all spells.
Aiming: Stone Arrow
Press: ? - help, Shift-Dir - straight line, f/p - Joseph
Aim: Joseph, wielding a quarterstaff and wearing a leather armour (severely wounded, berserk, fast, unusually strong, poisoned)
The stone arrow hits Joseph.
Joseph is almost dead.
Joseph hits you with an uncursed quarterstaff!!
You die...

.# .# ## # .# ###
##########... .
.....####...@@.....#
.........)(..#####.####
.........p#### #
........p. ..........
......>... .......>..
.......... o........#


You could see Joseph (berserk) and a neutral freed slave (wandering).

Vanquished Creatures
  A two-headed ogre (D:8)
  A hippogriff (D:6)
  The ghost of Inarius the Digger, an amateur GrEE (Sewer)
  A spriggan (D:7)
  2 orc warriors (D:7)
  2 sky beasts (D:6)
  2 ogres
  A centaur (D:5)
  An elf zombie (Ossuary)
  4 bullfrogs
  2 scorpions
  14 killer bees (D:7)
  5 wights (D:4)
  3 crimson imps
  A bullfrog zombie (D:6)
  A centaur skeleton (D:4)
  A gnoll shaman (D:5)
  2 jellies (D:7)
  A human zombie (Ossuary)
  Crazy Yiuf (D:2)
  2 hounds
  3 orc priests
  A bullfrog skeleton (D:6)
  Jessica (D:2)
  2 iguanas (D:7)
  Ijyb (D:4)
  4 orc wizards
  4 worker ants
  4 big kobold zombies (Ossuary)
  A hound zombie (D:5)
  A hound skeleton (D:7)
  3 mummies (Ossuary)
  A worker ant zombie (D:7)
  7 adders
  4 gnolls
  A river rat (D:4)
  2 shadow imps (D:7)
  An ooze (D:1)
  2 adder skeletons
  4 adder zombies (Ossuary)
  4 worms
  2 dart slugs (D:3)
  10 leopard geckos
  10 orcs
  3 ball pythons
  14 giant cockroaches
  3 goblins
  9 hobgoblins
  5 jackals
  12 kobolds
  4 quokkas
  16 bats
  11 frilled lizards
  5 gnoll zombies (Ossuary)
  5 goblin zombies (Ossuary)
  3 hobgoblin zombies (Ossuary)
  3 jackal zombies (Ossuary)
  5 kobold zombies (Ossuary)
  4 quokka zombies
  11 rats
  2 rat zombies (Ossuary)
237 creatures vanquished.

Vanquished Creatures (collateral kills)
  Pikel (D:7)
  An orc warrior (D:7)
  5 killer bees (D:7)
  A howler monkey (D:7)
  A shadow imp (D:7)
  A leopard gecko (D:4)
  3 orcs
  A leopard gecko skeleton (D:8)
14 creatures vanquished.

Vanquished Creatures (others)
  2 ancestors (D:8)
2 creatures vanquished.

Grand Total: 253 creatures vanquished

Notes
Turn   | Place    | Note
-------+----------+-------------------------------------------
     0 | D:1      | Inarius the Gargoyle Earth Elementalist began the quest for the Orb.
     0 | D:1      | Reached XP level 1. HP: 10/10 MP: 3/3
   152 | D:1      | Reached XP level 2. HP: 15/16 MP: 3/5
   475 | D:1      | Reached skill level 4 in Earth Magic
   654 | D:1      | Reached skill level 1 in Armour
   722 | D:1      | Reached XP level 3. HP: 20/20 MP: 3/6
   901 | D:1      | Reached skill level 1 in Fighting
  1608 | D:2      | Noticed Jessica
  1612 | D:2      | Killed Jessica
  1612 | D:2      | Reached XP level 4. HP: 18/25 MP: 4/7
  1696 | D:2      | Learned a level 3 spell: Stone Arrow
  1701 | D:2      | Learned a level 4 spell: Petrify
  1809 | D:2      | Found a runed door.
  1814 | D:2      | Noticed Crazy Yiuf
  1820 | D:2      | Killed Crazy Yiuf
  2126 | D:3      | Reached XP level 5. HP: 30/30 MP: 7/9
  2879 | D:4      | Reached skill level 1 in Conjurations
  2958 | D:4      | Found a glowing drain.
  2990 | D:4      | Reached XP level 6. HP: 31/36 MP: 7/11
  3002 | Sewer    | Entered a sewer
  3061 | Sewer    | Noticed Inarius's ghost (amateur GrEE)
  3106 | Sewer    | Killed Inarius's ghost
  3106 | Sewer    | Reached skill level 5 in Earth Magic
  3307 | Sewer    | Reached XP level 7. HP: 41/41 MP: 12/12
  3417 | Sewer    | Identified the Guide on Summoning and Ice
  3651 | D:4      | Noticed Ijyb
  3659 | D:4      | Killed Ijyb
  4138 | D:5      | Entered Level 5 of the Dungeon
  4273 | D:5      | Reached XP level 8. HP: 42/48 MP: 9/15
  4344 | D:5      | Found a sand-covered staircase.
  4349 | Ossuary  | Entered an ossuary
  4373 | Ossuary  | Reached skill level 5 in Spellcasting
  4373 | Ossuary  | Reached skill level 6 in Earth Magic
  4827 | D:5      | Learned a level 5 spell: Lee's Rapid Deconstruction
  4830 | D:5      | Learned a level 2 spell: Passwall
  5142 | D:5      | Reached skill level 1 in Transmutations
  5389 | D:6      | Gained mutation: You are clumsy. (Dex -2) [mutagenic meat]
  5706 | D:6      | Reached skill level 5 in Fighting
  5818 | D:6      | Noticed a hippogriff
  5828 | D:6      | Killed a hippogriff
  5828 | D:6      | Reached XP level 9. HP: 54/54 MP: 4/17
  6437 | D:6      | Reached skill level 7 in Earth Magic
  6445 | D:6      | Gained mutation: You have a pair of small horns on your head. [mutagenic meat]
  6446 | D:6      | Gained mutation: Your flesh is heat resistant. (rF+) [mutagenic meat]
  6601 | D:7      | Reached skill level 5 in Conjurations
  7355 | D:7      | Found a staircase to the Ecumenical Temple.
  7808 | Temple   | Entered the Ecumenical Temple
  7827 | Temple   | Became a worshipper of Hepliaklqana the Forgotten
  8131 | D:7      | Lost mutation: You are clumsy. (Dex -2) [potion of mutation]
  8131 | D:7      | Lost mutation: You have a pair of small horns on your head. [potion of mutation]
  8131 | D:7      | Lost mutation: Your flesh is heat resistant. (rF+) [potion of mutation]
  8131 | D:7      | Gained mutation: Your body sometimes deteriorates upon taking damage. [potion of mutation]
  8131 | D:7      | Gained mutation: Your flesh is heat resistant. (rF+) [potion of mutation]
  8132 | D:7      | Lost mutation: Your body sometimes deteriorates upon taking damage. [potion of mutation]
  8132 | D:7      | Lost mutation: Your flesh is heat resistant. (rF+) [potion of mutation]
  8132 | D:7      | Gained mutation: Your movements are slightly less encumbered by armour. (ER -2) [potion of mutation]
  8132 | D:7      | Gained mutation: Your flesh is heat resistant. (rF+) [potion of mutation]
  8132 | D:7      | Gained mutation: You have supernaturally acute eyesight. (SInv) [potion of mutation]
  8154 | D:7      | Reached XP level 10. HP: 54/54 MP: 12/19
  8302 | D:8      | Noticed Pikel
  8302 | D:8      | Noticed a two-headed ogre
  8382 | D:8      | Noticed Joseph
  8845 | D:7      | Reached skill level 8 in Earth Magic
  9168 | D:8      | Killed a two-headed ogre
  9287 | D:7      | Killed Pikel
  9346 | D:8      | Mangled by Joseph

Skill      XL: |  1  2  3  4  5  6  7  8  9 10 |
---------------+-------------------------------+-----
Earth Magic    | 4 5 6 7 8 |  8.2
Armour         | 1 2 3 4 |  4.4
Fighting       | 1 2 3 5 6 7 |  7.2
Spellcasting   | 3 4 5 6 |  6.6
Conjurations   | 1 2 3 4 6 7 |  7.4
Dodging        | 2 3 |  3.5
Transmutations | 1 3 |  3.6
Maces & Flails | |  0.6
Stealth        | |  2.1

Action                   |  1- 3 |  4- 6 |  7- 9 | 10-12 || total
-------------------------+-------+-------+-------+-------++-------
Melee: Unarmed           |    44 |       |       |       ||    44
       Whip              |    59 |     2 |       |       ||    61
       Quarterstaff      |       |    95 |   358 |    61 ||   514
       Headbutt          |       |       |     2 |       ||     2
 Cast: Sandblast         |    30 |    43 |    23 |       ||    96
       Stone Arrow       |       |       |    80 |    18 ||    98
Invok: Ancestor Identity |       |       |     1 |       ||     1
  Use: Scroll            |       |     7 |    13 |       ||    20
       Potion            |       |       |     2 |       ||     2
 Stab: Sleeping          |     5 |     4 |     3 |       ||    12
       Paralysed         |       |     1 |     5 |       ||     6
       Petrified         |       |       |     5 |       ||     5
       Confused          |       |       |     1 |       ||     1
  Eat: Chunk             |     3 |     5 |    20 |     4 ||    32
       Bread ration      |       |       |     1 |       ||     1
       Fruit             |       |       |     1 |       ||     1
Armor: Robe              |    62 |    53 |   264 |    62 ||   441
Dodge: Dodged            |   103 |    57 |   338 |    89 ||   587
